MWL (24 & UNDER)
WISCONSIN RAPIDS RANGERS @ PLUMSTEAD EAGLES
08/28/2024
 
TOP OF THE 1ST
Wisconsin Rapids Rangers batting - Pitching for Plumstead Eagles : RHP Coy Torres
Pitching: RHP Coy Torres
Batting: RHB Troy Reed 0-0: SINGLE (Line Drive, 7LS)
Batting: LHB Alex Henderson 0-0: Ball
1-0: Ball
2-0: Called Strike
2-1: Ball
3-1: Base on Balls
Troy Reed to second
Batting: SHB Ricardo Arévalo 0-0: SINGLE (Groundball, 34D)
Troy Reed to third
Alex Henderson to second
Batting: RHB Danny Campbell 0-0: Ball
1-0: Called Strike
1-1: Swinging Strike
1-2: Foul Ball, location: 2F
1-2: Foul Ball, location: 2F
1-2: Ball
2-2: Grounds into double play, 4-6-3 (Groundball, 4)
Troy Reed scores
Alex Henderson to third
Batting: RHB Paul Richard 0-0: Called Strike
0-1: Foul Ball, location: 2F
0-2: Strikes out swinging
Top of the 1st over - 1 run(s), 2 hit(s), 0 error(s), 1 left on base; Wisconsin Rapids 1 - Plumstead 0
BOTTOM OF THE 1ST
Plumstead Eagles batting - Pitching for Wisconsin Rapids Rangers : RHP Carl Willis
Pitching: RHP Carl Willis
Batting: RHB Carlos Palomón 0-0: Called Strike
0-1: Ball
1-1: Ball
2-1: Hit by Pitch
Batting: RHB Don Turner 0-0: Ball
1-0: Ball
2-0: Foul Ball, location: 2F
2-1: Ball
3-1: Foul Ball, location: 2F
3-2: Base on Balls
Carlos Palomón to second
Batting: RHB J.J. Leslie 0-0: Fly out, F7 (Flyball, 78S)
Batting: RHB Juan Caceres 0-0: Ball
1-0: TRIPLE (Flyball, 78XD)
Carlos Palomón scores
Don Turner scores
Batting: LHB António Salazar 0-0: Ball
1-0: Ball
2-0: DOUBLE (Line Drive, 9LS)
Juan Caceres scores
Batting: RHB Donald Sanford 0-0: Ball
1-0: Fly out, F5 (Line Drive, 56S)
Batting: RHB Ron King 0-0: Ball
1-0: Foul Ball, location: 2F
1-1: Called Strike
1-2: DOUBLE (Line Drive, 78M)
António Salazar scores
Batting: RHB Jaime Rodríguez 0-0: Ball
1-0: Called Strike
1-1: Ball
2-1: Swinging Strike
2-2: Ground out 5-3 (Groundball, 5L)
Bottom of the 1st over - 4 run(s), 3 hit(s), 0 error(s), 1 left on base; Wisconsin Rapids 1 - Plumstead 4
TOP OF THE 2ND
Wisconsin Rapids Rangers batting - Pitching for Plumstead Eagles : RHP Coy Torres
Batting: RHB Dick Slagboom 0-0: Foul Ball, location: 2F
0-1: Ball
1-1: Called Strike
1-2: Ball
2-2: Foul Ball, location: 2F
2-2: Foul Ball, location: 2F
2-2: Ball
3-2: Base on Balls
Batting: LHB Ramón Córdova 0-0: Ball
1-0: Called Strike
1-1: Swinging Strike
1-2: Ball
2-2: Foul Ball, location: 2F
2-2: Ball
3-2: Base on Balls
Dick Slagboom to second
Batting: RHB Cherles Vilo 0-0: Swinging Strike
0-1: Foul Ball, location: 2F
0-2: Ball
1-2: Ball
2-2: Foul Ball, location: 2F
2-2: Strikes out swinging
Batting: RHB Robert Acosta 0-0: Ground out U3 (Groundball, 3S)
Dick Slagboom to third
Ramón Córdova to second
Batting: RHB Troy Reed 0-0: Called Strike
0-1: Foul Ball, location: 2F
0-2: Strikes out looking
Top of the 2nd over - 0 run(s), 0 hit(s), 0 error(s), 2 left on base; Wisconsin Rapids 1 - Plumstead 4
BOTTOM OF THE 2ND
Plumstead Eagles batting - Pitching for Wisconsin Rapids Rangers : RHP Carl Willis
Batting: RHB Víctor Rivera 0-0: Foul Ball, location: 2F
0-1: SINGLE (Groundball, 56D)
Batting: RHB Carlos Palomón 0-0: Ball
1-0: DOUBLE (Line Drive, 78M)
Víctor Rivera to third
Batting: RHB Don Turner 0-0: Foul Ball, location: 2F
0-1: Ball
1-1: SINGLE (Line Drive, 56)
Víctor Rivera scores
Carlos Palomón to third
Batting: RHB J.J. Leslie 0-0: Called Strike
0-1: Ball
1-1: Foul Ball, location: 2F
1-2: Fly out, F8 (Flyball, 8RXD)
Runner from 3rd tags up, SCORES, no throw
Batting: RHB Juan Caceres 0-0: Ball
1-0: Foul Ball, location: 2F
1-1: Ball
2-1: Ball
3-1: Base on Balls
Don Turner to second
Batting: LHB António Salazar 0-0: Ball
1-0: Ball
2-0: Ball
3-0: Base on Balls
Don Turner to third
Juan Caceres to second
Batting: RHB Donald Sanford 0-0: Called Strike
0-1: Ball
1-1: Foul Ball, location: 2F
1-2: Strikes out swinging
Batting: RHB Ron King 0-0: Called Strike
0-1: Swinging Strike
0-2: Ball
1-2: Strikes out swinging
Bottom of the 2nd over - 2 run(s), 3 hit(s), 0 error(s), 3 left on base; Wisconsin Rapids 1 - Plumstead 6
TOP OF THE 3RD
Wisconsin Rapids Rangers batting - Pitching for Plumstead Eagles : RHP Coy Torres
Batting: LHB Alex Henderson 0-0: Called Strike
0-1: Ball
1-1: Ball
2-1: Ground out 4-3 (Groundball, 4)
Batting: SHB Ricardo Arévalo 0-0: Called Strike
0-1: Called Strike
0-2: Ball
1-2: Foul Ball, location: 2F
1-2: Ball
2-2: Ball
3-2: Ground out U3 (Groundball, 3L)
Batting: RHB Danny Campbell 0-0: Ball
1-0: Called Strike
1-1: Called Strike
1-2: Ball
2-2: Ground out 4-3 (Groundball, 4)
Top of the 3rd over - 0 run(s), 0 hit(s), 0 error(s), 0 left on base; Wisconsin Rapids 1 - Plumstead 6
BOTTOM OF THE 3RD
Plumstead Eagles batting - Pitching for Wisconsin Rapids Rangers : RHP Carl Willis
Batting: RHB Jaime Rodríguez 0-0: Foul Ball, location: 2F
0-1: Swinging Strike
0-2: Strikes out swinging
Batting: RHB Víctor Rivera 0-0: Ball
1-0: Foul Ball, location: 2F
1-1: Ground out 1-3 (Groundball, 13S)
Batting: RHB Carlos Palomón 0-0: Fly out, F6 (Popup, 5D)
Bottom of the 3rd over - 0 run(s), 0 hit(s), 0 error(s), 0 left on base; Wisconsin Rapids 1 - Plumstead 6
TOP OF THE 4TH
Wisconsin Rapids Rangers batting - Pitching for Plumstead Eagles : RHP Coy Torres
Batting: RHB Paul Richard 0-0: Ground out 5-3 (Groundball, 5)
Batting: RHB Dick Slagboom 0-0: Ball
1-0: Called Strike
1-1: Ball
2-1: Ball
3-1: Called Strike
3-2: Ground out 1-3 (Groundball, 15)
Batting: LHB Ramón Córdova 0-0: Called Strike
0-1: Ball
1-1: Ball
2-1: Fly out, F5 (Popup, 5F)
Top of the 4th over - 0 run(s), 0 hit(s), 0 error(s), 0 left on base; Wisconsin Rapids 1 - Plumstead 6
BOTTOM OF THE 4TH
Plumstead Eagles batting - Pitching for Wisconsin Rapids Rangers : RHP Carl Willis
Batting: RHB Don Turner 0-0: Called Strike
0-1: Ball
1-1: Foul Ball, location: 2F
1-2: Strikes out swinging
Batting: RHB J.J. Leslie 0-0: Ball
1-0: Called Strike
1-1: Called Strike
1-2: Foul Ball, location: 2F
1-2: Ball
2-2: SINGLE (Groundball, 6M)
Pitching: RHP Jesús Martínez
Batting: RHB Juan Caceres 0-0: Called Strike
0-1: DOUBLE (Groundball, 5L)
J.J. Leslie to third
Batting: LHB António Salazar 0-0: Ground out U3 (Groundball, 3L)
Batting: RHB Donald Sanford 0-0: Fly out, F8 (Flyball, 8RM)
Bottom of the 4th over - 0 run(s), 2 hit(s), 0 error(s), 2 left on base; Wisconsin Rapids 1 - Plumstead 6
TOP OF THE 5TH
Wisconsin Rapids Rangers batting - Pitching for Plumstead Eagles : RHP Coy Torres
Batting: RHB Cherles Vilo 0-0: Ball
1-0: Ground out 4-3 (Groundball, 4M)
Batting: RHB Robert Acosta 0-0: Ground out 5-3 (Groundball, 56)
Batting: RHB Troy Reed 0-0: Ground out 4-3 (Groundball, 4M)
Top of the 5th over - 0 run(s), 0 hit(s), 0 error(s), 0 left on base; Wisconsin Rapids 1 - Plumstead 6
BOTTOM OF THE 5TH
Plumstead Eagles batting - Pitching for Wisconsin Rapids Rangers : RHP Jesús Martínez
Batting: RHB Ron King 0-0: Ball
1-0: Ball
2-0: Ball
3-0: Foul Ball, location: 2F
3-1: Foul Ball, location: 2F
3-2: Foul Ball, location: 2F
3-2: Foul Ball, location: 2F
3-2: Strikes out looking
Batting: RHB Jaime Rodríguez 0-0: Ball
1-0: Ball
2-0: Called Strike
2-1: Ball
3-1: SINGLE (Line Drive, 8LS)
Batting: RHB Víctor Rivera 0-0: Grounds into double play, 3-6-1 (Groundball, 3)
Bottom of the 5th over - 0 run(s), 1 hit(s), 0 error(s), 0 left on base; Wisconsin Rapids 1 - Plumstead 6
TOP OF THE 6TH
Wisconsin Rapids Rangers batting - Pitching for Plumstead Eagles : RHP Coy Torres
Batting: LHB Alex Henderson 0-0: Ball
1-0: Foul Ball, location: 2F
1-1: Ball
2-1: Ball
3-1: Base on Balls
Batting: SHB Ricardo Arévalo 0-0: Called Strike
0-1: Called Strike
0-2: Foul Ball, location: 2F
0-2: DOUBLE (Flyball, 7LM)
Alex Henderson to third
Batting: RHB Danny Campbell 0-0: SINGLE (Groundball, 56D)
Alex Henderson scores
Ricardo Arévalo to third
Runner from 3rd tries for Home, SAFE, throw made home
Danny Campbell to second
Batting: RHB Paul Richard 0-0: Called Strike
0-1: Called Strike
0-2: Strikes out swinging
Pitching: LHP Stu McGuire
Batting: RHB Dick Slagboom 0-0: Ball
1-0: Ball
2-0: Called Strike
2-1: Ground out 6-3 (Groundball, 6MS)
Danny Campbell to third
Batting: LHB Ramón Córdova 0-0: Ball
1-0: Ball
2-0: Ground out 4-3 (Groundball, 4M)
Top of the 6th over - 2 run(s), 2 hit(s), 0 error(s), 1 left on base; Wisconsin Rapids 3 - Plumstead 6
BOTTOM OF THE 6TH
Plumstead Eagles batting - Pitching for Wisconsin Rapids Rangers : RHP Jesús Martínez
Batting: RHB Carlos Palomón 0-0: Reached on error, E5 (Groundball, 5)
Batting: RHB Don Turner 0-0: Ball
1-0: Ball
2-0: Ball
3-0: Called Strike
3-1: Base on Balls
Carlos Palomón to second
Batting: RHB J.J. Leslie 0-0: Called Strike
0-1: Swinging Strike
0-2: Foul Ball, location: 2F
0-2: Foul Ball, location: 2F
0-2: Strikes out looking
Batting: RHB Juan Caceres 0-0: Foul Ball, location: 2F
0-1: Grounds into double play, 6-4-3 (Groundball, 6)
Bottom of the 6th over - 0 run(s), 0 hit(s), 1 error(s), 1 left on base; Wisconsin Rapids 3 - Plumstead 6
TOP OF THE 7TH
Wisconsin Rapids Rangers batting - Pitching for Plumstead Eagles : LHP Stu McGuire
Batting: RHB Cherles Vilo 0-0: Called Strike
0-1: Swinging Strike
0-2: Ball
1-2: Strikes out swinging
Batting: RHB Robert Acosta 0-0: Foul Ball, location: 2F
0-1: Ground out 5-3 (Groundball, 5S)
Batting: RHB Troy Reed 0-0: Foul Ball, location: 2F
0-1: Foul Ball, location: 2F
0-2: Ball
1-2: Ball
2-2: Foul Ball, location: 2F
2-2: Foul Ball, location: 2F
2-2: Foul Ball, location: 2F
2-2: Foul Ball, location: 2F
2-2: Foul Ball, location: 2F
2-2: Foul Ball, location: 2F
2-2: Ground out 4-3 (Groundball, 4D)
Top of the 7th over - 0 run(s), 0 hit(s), 0 error(s), 0 left on base; Wisconsin Rapids 3 - Plumstead 6
BOTTOM OF THE 7TH
Plumstead Eagles batting - Pitching for Wisconsin Rapids Rangers : RHP Jesús Martínez
Pitching: RHP Jack Hampton
Batting: LHB António Salazar 0-0: Swinging Strike
0-1: Swinging Strike
0-2: Ball
1-2: Strikes out swinging
Batting: RHB Donald Sanford 0-0: Foul Ball, location: 2F
0-1: Fly out, F7 (Flyball, 78S)
Batting: RHB Ron King 0-0: Ball
1-0: Fly out, F5 (Popup, 5SF)
Bottom of the 7th over - 0 run(s), 0 hit(s), 0 error(s), 0 left on base; Wisconsin Rapids 3 - Plumstead 6
TOP OF THE 8TH
Wisconsin Rapids Rangers batting - Pitching for Plumstead Eagles : LHP Stu McGuire
Batting: LHB Alex Henderson 0-0: Ground out 4-3 (Groundball, 34D)
Pitching: RHP Juan Martínez
Batting: SHB Ricardo Arévalo 0-0: Ball
1-0: Swinging Strike
1-1: Called Strike
1-2: Ball
2-2: Strikes out swinging
Batting: RHB Danny Campbell 0-0: Ball
1-0: Ball
2-0: Foul Ball, location: 2F
2-1: Fly out, F3 (Popup, 3D)
Top of the 8th over - 0 run(s), 0 hit(s), 0 error(s), 0 left on base; Wisconsin Rapids 3 - Plumstead 6
BOTTOM OF THE 8TH
Plumstead Eagles batting - Pitching for Wisconsin Rapids Rangers : RHP Jack Hampton
Batting: RHB Jaime Rodríguez 0-0: Hit by Pitch
Batting: RHB Víctor Rivera 0-0: Bunt missed!
0-1: Bunt - Flyout! F2
Batting: RHB Carlos Palomón 0-0: Called Strike
0-1: Ball
1-1: Ball
2-1: Ball
3-1: Base on Balls
Jaime Rodríguez to second
Batting: RHB Don Turner 0-0: Ball
1-0: Called Strike
1-1: Fly out, F8 (Flyball, 8RM)
Batting: RHB J.J. Leslie 0-0: Ball
1-0: SINGLE (Line Drive, 8LS)
Jaime Rodríguez to third
Carlos Palomón to second
Runner from 3rd tries for Home, SAFE, no throw or cutoff
Batting: RHB Juan Caceres 0-0: Ground out 1-3 (Groundball, 13S)
Bottom of the 8th over - 1 run(s), 1 hit(s), 0 error(s), 2 left on base; Wisconsin Rapids 3 - Plumstead 7
TOP OF THE 9TH
Wisconsin Rapids Rangers batting - Pitching for Plumstead Eagles : RHP Juan Martínez
Batting: RHB Paul Richard 0-0: SINGLE (Line Drive, 56D)
Batting: RHB Dick Slagboom 0-0: Swinging Strike
0-1: Ball
1-1: Ball
2-1: Foul Ball, location: 2F
2-2: Strikes out swinging
Batting: LHB Ramón Córdova 0-0: Ball
1-0: Swinging Strike
1-1: Called Strike
1-2: SINGLE (Groundball, 6MD)
Paul Richard to second
Pitching: LHP Pat Bruce
Batting: RHB Cherles Vilo 0-0: Foul Ball, location: 2F
0-1: Foul Ball, location: 2F
0-2: Ball
1-2: Ball
2-2: Foul Ball, location: 2F
2-2: Ball
3-2: Strikes out looking
Batting: RHB Robert Acosta 0-0: Ball
1-0: Foul Ball, location: 2F
1-1: Ground out 5-3 (Groundball, 5S)
Top of the 9th over - 0 run(s), 2 hit(s), 0 error(s), 2 left on base; Wisconsin Rapids 3 - Plumstead 7
This league is powered by Out of the Park Baseball, the baseball management simulation game for PC, Mac and Linux
Saturday, April 9th, 2016 - OOTP Baseball 16.8 Build 38